 Dungeon Crawl Stone Soup version 0.28-a0-1117-g0bdd5ba030 (webtiles) character file.

Game seed: 9910554638136632911

112 SensoryNuts the Skirmisher (level 4, -1/40 HPs)
             Began as a Draconian Fighter on Dec 11, 2021.
             Was a Follower of Vehumet.
             Slain by a gnoll (2 damage)
             ... on level 3 of the Dungeon.
             The game lasted 00:02:22 (2644 turns).

SensoryNuts the Skirmisher (Draconian Fighter)      Turns: 2644, Time: 00:02:22

Health: -1/40      AC:  5    Str: 20    XL:     4   Next: 63%
Magic:  4/4        EV: 12    Int:  8    God:    Vehumet [*.....]
Gold:   80         SH:  4    Dex: 11    Spells: 3/3 levels left

rFire   . . .      SeeInvis .   s - +0 dagger (venom)
rCold   . . .      Faith    .   b - +0 buckler
rNeg    . . .      Spirit   .   (armour unavailable)
rPois   .          Reflect  .   (helmet restricted)
rElec   .          Harm     .   (no cloak)
rCorr   .          Rampage  .   (no gloves)
Will    .....                   (no boots)
Stlth   +.........              (no amulet)
HPRegen 0.13/turn               (no ring)
MPRegen 0.09/turn               (no ring)

@: no status effects
A: AC +5, unfitting armour, cold-blooded
a: Renounce Religion


You were on level 3 of the Dungeon.
You worshipped Vehumet.
Vehumet was aware of your devotion.
You visited 1 branch of the dungeon, and saw 3 of its levels.

You collected 80 gold pieces.

Inventory:

Hand Weapons
 a - a +0 flail
 s - a +0 dagger of venom (weapon)
Armour
 b - a +0 buckler (worn)
Scrolls
 e - a scroll of blinking {unknown}
 h - a scroll of magic mapping {unknown}
 i - a scroll of fog {unknown}
 j - 2 scrolls of teleportation {unknown}
 m - 2 scrolls of silence {unknown}
 n - a scroll of identify {unknown}
Potions
 c - a potion of might
 d - 2 potions of attraction {unknown}
 f - 2 potions of cancellation {unknown}
 g - a potion of heal wounds {unknown}
 k - a potion of invisibility {unknown}
 l - a potion of brilliance {unknown}
 o - a potion of lignification {unknown}
 p - a potion of mutation {unknown}
 q - a potion of curing {unknown}
 r - a potion of berserk rage {unknown}


   Skills:
 + Level 3.8 Fighting
 + Level 3.5 Maces & Flails
 + Level 3.3 Dodging
 + Level 0.1 Stealth
 + Level 3.4 Shields


You had 3 spell levels left.
You didn't know any spells.
Your spell library contained the following spells:

 Spells                   Type           Power      Damage    Failure   Level
 Foxfire                  Conj/Fire      0%         2x1d4     43%         1
 Tukima's Dance           Hex            0%         N/A       80%         3
 Passage of Golubria      Tloc           0%         N/A       99%         4
 Yara's Violent Unravell  Hex/Tmut       0%         3d3       100%        5


Dungeon Overview and Level Annotations

Branches:
Dungeon (3/15)

Altars:
Fedhas
Makhleb
Vehumet


Innate Abilities, Weirdness & Mutations

Your plain brown scales are hard. (AC +5)
You cannot fit into any form of body armour.
You are cold-blooded and may be slowed by cold attacks.


Message History

The jackal bites you but does no damage.
A gnoll comes into view. It is wielding a +0 club.
You closely miss the gnoll.
The gnoll is moderately wounded.
The jackal bites you but does no damage.
The gnoll hits you with a +0 whip. The jackal barely misses you.
You closely miss the jackal. You tail-slap the jackal.
The jackal is moderately wounded.
The gnoll hits you with a +0 whip. The jackal barely misses you.
You miss the jackal. You tail-slap the jackal.
The jackal is almost dead.
The jackal closely misses you. The gnoll hits you with a +0 whip.
The jackal bites you but does no damage.
You closely miss the jackal.
The jackal is almost dead.
The gnoll hits you with a +0 whip. The jackal completely misses you.
You hit the jackal.
You kill the jackal!
Vehumet accepts your kill. The gnoll hits you with a +0 whip.
You hit the gnoll.
The gnoll looks as sick as possible!
Your tail-slap misses the gnoll.
The gnoll is severely wounded.
You block the gnoll's attack.
You hit the gnoll.
You kill the gnoll!
Vehumet accepts your kill.
The gnoll throws a throwing net.
The throwing net completely misses you.
You hit the gnoll but do no damage. The gnoll hits you with a +0 whip.
* * * LOW HITPOINT WARNING * * *
You closely miss the gnoll.
An endoplasm comes into view.
The gnoll hits you with a +0 whip!
* * * LOW HITPOINT WARNING * * *
The endoplasm quivers.
You hit the gnoll.
You tail-slap the gnoll, but do no damage.
The gnoll is moderately wounded.
The gnoll hits you with a +0 whip.
You die...

.. #.###.#....### #.
#.# #....#.# # #. #.#
#.#.##.# #$ #.#
#.#.##.# #.
#.###......#
####.####....<..####
#........####....<...
...##..##.# #..#####.
##@##.# #..# #g##.#
#..# Jg...# #...
##.#### ##_## ... .#
..≈ ≈≈≈ ≈≈≈##


You could see 2 gnolls and an endoplasm.

Vanquished Creatures
  2 gnolls (D:3)
  3 adders
  2 worms (D:2)
  2 dart slugs
  An orc (D:3)
  8 ball pythons
  3 endoplasms (D:2)
  A giant cockroach (D:2)
  3 goblins
  5 hobgoblins
  3 jackals
  3 quokkas
  10 bats
  A frilled lizard (D:2)
  3 kobolds
  5 rats
55 creatures vanquished.

Notes
Turn   | Place    | Note
-------+----------+-------------------------------------------
     0 | D:1      | SensoryNuts the Draconian Fighter began the quest for the
                  | Orb.
     0 | D:1      | Reached XP level 1. HP: 19/19 MP: 1/1
   317 | D:1      | Reached XP level 2. HP: 26/26 MP: 2/2
  1396 | D:2      | Reached XP level 3. HP: 33/33 MP: 3/3
  1561 | D:2      | Found a burning altar of Makhleb.
  1822 | D:2      | Found a faded altar of an unknown god.
  1851 | D:2      | Prayed at the altar of an unknown god.
  1851 | D:2      | Became a worshipper of Vehumet
  1851 | D:2      | Reached * piety under Vehumet
  1851 | D:2      | Offered knowledge of Foxfire by Vehumet.
  2016 | D:2      | Reached XP level 4. HP: 37/40 MP: 4/4
  2616 | D:3      | Found a blossoming altar of Fedhas.
  2643 | D:3      | HP: 1/40 [gnoll (7)]
  2644 | D:3      | Slain by a gnoll

Illustrated notes

Levels and vault maps discovered:
D:1:      dpeg_chamrin_arrival_tetris, layout_basic, serial_corexii_hall,
          chequers_hall_statues_y, corexii_hall_statues_t
D:2:      layout_basic, basic_altar, hellmonk_ecumenical_altar_lost_god,
          minmay_surrounded
D:3:      layout_loops_corners, overflow_temple_1_default, grunt_decor_junction

Skill      XL: |  1  2  3 |
---------------+----------+-----
Dodging        | 3 |  3.3
Maces & Flails | 3 |  3.5
Fighting       | |  3.8
Stealth        | |  0.1
Shields        | |  3.4

Action                   |  1- 3 |  4- 6 || total
-------------------------+-------+-------++-------
Melee: Flail             |   117 |    26 ||   143
       Tailslap          |    16 |     6 ||    22
       Dagger            |       |    28 ||    28
Armor: Skin              |    42 |    18 ||    60
Dodge: Dodged            |    88 |    33 ||   121
Block: Buckler           |    30 |    18 ||    48

Table legend: (Time is in decaauts)
 A = Elapsed time spent in this place.
 B = Non-inter-level travel time spent in this place.
 C = Inter-level travel time spent in this place.
 D = Time resting spent in this place.
 E = Time spent auto-exploring this place.
 F = Levels seen in this place.
 G = Mean time per level.
                   A        B        C        D        E       F      G
               +--------+--------+--------+--------+--------+-----+--------+
         Total |   2688 |   2688 |      0 |      0 |   2175 |   3 |  896.0 |
       Dungeon |   2688 |   2688 |      0 |      0 |   2175 |   3 |  896.0 |
               +--------+--------+--------+--------+--------+-----+--------+

Top non-repeatable levels by time:
     D:1: 1140 daAuts
     D:2: 1109 daAuts
     D:3: 438 daAuts
